 Dungeon Crawl Stone Soup version 0.22-a0-32-ga749362 (webtiles) character file.

5637 shenanigans the Carver (level 10, -9/82 HPs)
             Began as a Barachi Skald on Jan 3, 2018.
             Was a Priest of Okawaru.
             Mangled by a stone giant (32 damage)
             ... on level 10 of the Dungeon.
             The game lasted 00:28:59 (11619 turns).

shenanigans the Carver (Barachi Skald)             Turns: 11619, Time: 00:29:00

Health: -9/82      AC: 12    Str: 12    XL:     10   Next: 74%
Magic:  12/14      EV: 13    Int: 21    God:    Okawaru [***...]
Gold:   559        SH: 15    Dex: 11    Spells: 12/13 levels left

rFire    . . .     SeeInvis .   b - +1 dagger (elec)
rCold    . . .     Gourm    .   g - +0 large shield
rNeg     . . .     Faith    .   o - +0 ring mail {rPois}
rPois    +         Spirit   .   M - +0 helmet
rElec    .         Reflect  .   t - +0 cloak
rCorr    .         Harm     .   I - +0 pair of gloves
MR       ++...                  (no boots)
Stlth    ++........             (no amulet)
HPRegen  0.23/turn              T - +5 ring of slaying
MPRegen  0.14/turn              x - ring of the Mage {Wiz MR++ Int+3}

@: lethally poisoned (-9 -> -11), heroism, slow
A: +LOS, swims, slowness 1, strong legs 1
a: Hop, Heroism, Renounce Religion


You were on level 10 of the Dungeon.
You worshipped Okawaru.
Okawaru was most pleased with you.
You were not hungry.

You visited 2 branches of the dungeon, and saw 11 of its levels.

You collected 559 gold pieces.

Inventory:

Hand Weapons
 a - a +0 scimitar
 b - a +1 dagger of electrocution (weapon)
 D - a +4 whip of flaming
 F - a +0 falchion
Missiles
 y - 2 poisoned tomahawks (quivered)
 J - 7 javelins of returning
Armour
 g - a +0 large shield (worn)
 o - a +0 ring mail of poison resistance (worn)
 t - a +0 cloak (worn)
 I - a +0 pair of gloves (worn)
 K - a +0 plate armour
 M - a +0 helmet (worn)
Jewellery
 f - an uncursed ring of stealth
 j - an uncursed ring of protection from magic
 k - an uncursed ring of ice
 l - an uncursed ring of fire
 x - the ring of the Mage (right hand) {Wiz MR++ Int+3}
   (You found it on level 8 of the Dungeon)

   [ring of wizardry]

   It improves your spell success rate.
   It affects your intelligence (+3).
   It affects your resistance to hostile enchantments.
 E - an uncursed ring of ice
 O - an uncursed ring of positive energy
 R - the ring "Bianwa" {*Slow rF+ Str+2 Int+4 Stlth+}
   (You took it off an orc on level 9 of the Dungeon)

   [ring of protection from fire]

   It affects your strength (+2).
   It affects your intelligence (+4).
   It protects you from fire.
   It may slow you when you take damage.
   It makes you more stealthy.
 T - a +5 ring of slaying (left hand)
Wands
 C - a wand of acid (3)
Scrolls
 e - 3 scrolls of fear
 m - a scroll of random uselessness {unknown}
 n - 2 scrolls of amnesia {unknown}
 r - a scroll of noise {unknown}
 u - 3 scrolls of blinking {unknown}
 v - 3 scrolls of enchant weapon {unknown}
 A - 3 scrolls of teleportation {unknown}
 G - a scroll of immolation {unknown}
 N - a scroll of fog {unknown}
Potions
 h - 3 potions of cancellation
 i - 3 potions of curing {unknown}
 p - a potion of berserk rage {unknown}
 q - a potion of might {unknown}
 s - a potion of resistance {unknown}
 w - 2 potions of heal wounds
 z - 2 potions of invisibility
 B - 3 potions of flight
 H - a potion of brilliance
 L - 2 potions of lignification {unknown}
Books
 c - a book of Battle

   Spells                             Type                      Level
   a - Infusion                       Charms                       1
   b - Shroud of Golubria             Charms/Translocation         2
   c - Song of Slaying                Charms                       2
   d - Spectral Weapon                Hexes/Charms                 3
   e - Regeneration                   Charms/Necromancy            3
 P - a book of Cantrips

   Spells                             Type                      Level
   a - Confusing Touch                Hexes                        1
   b - Animate Skeleton               Necromancy                   1
   c - Summon Small Mammal            Summoning                    1
   d - Apportation                    Translocation                1
Miscellaneous
 Q - a box of beasts
Comestibles
 d - 18 rations
 S - 2 chunks of flesh


   Skills:
 + Level 8.4(13.4) Fighting
 + Level 8.4(13.4) Long Blades
 + Level 8.2(13.2) Armour
 + Level 7.6(12.6) Dodging
 * Level 5.0(10.0) Shields
 - Level 2.1 Spellcasting
 - Level 3.2 Charms
 * Level 5.8 Invocations


You had 12 spell levels left.
You knew the following spells:

 Your Spells              Type           Power        Failure   Level  Hunger
a - Infusion              Chrm           ###.         19%         1    #......


Dungeon Overview and Level Annotations

Branches:
Dungeon (10/15)            Temple (1/1) D:6
   Lair: D:8-11         Orc: D:9-12

Altars:
Ashenzari
Cheibriados
Dithmenos
Elyvilon
Fedhas
Gozag
Hepliaklqana
Kikubaaqudgha
Makhleb
Nemelex Xobeh
Okawaru
Qazlal
Ru
Sif Muna
Trog
Uskayaw
Vehumet
Wu Jian
Xom
Yredelemnul
Zin
The Shining One

Annotations:
D:3 Snicker's ghost, amateur DsAs
D:9 kiwi3s's ghost, journeyman MiBe


Innate Abilities, Weirdness & Mutations

Shadows flee at your approach. (+LOS)
You can swim through water.
You cover ground slowly.
You can hop short distances.


Message History

Lightning courses through the stone giant!
The stone giant is moderately wounded.
The stone giant completely misses you.
You hit the stone giant but do no damage.
The stone giant is moderately wounded.
You hit the stone giant but do no damage.
The stone giant is moderately wounded.
You feel sick. The stone giant hits you!!
* * * LOW HITPOINT WARNING * * *
You hit the stone giant but do no damage.
Lightning courses through the stone giant!
The stone giant is heavily wounded.
Aiming: Corrosive Bolt
Press: ? - help, Shift-Dir - straight line, f - stone giant
Aim: a stone giant (heavily wounded)
The bolt of acid hits the stone giant.
The stone giant is splashed with acid.
The acid corrodes the stone giant!
The stone giant is severely wounded.
The stone giant hits you!!
You die...

#......# ###.
+..<...####.'.
#......##...#.
#......##.###.
#......##.# #.
#.....<#..# #.
#......'.## #.
#####>....>###
##
#@).##.....#
#C###.#'#####
#. #.'....# #.
#.####+# ##
..## ###


You could see a stone giant.

Vanquished Creatures
  2 two-headed ogres (D:8)
  A hornet (D:10)
  Grinder (D:6)
  A hippogriff (D:9)
  A wyvern (D:7)
  A spriggan (D:8)
  2 sky beasts
  2 ice beasts
  2 orc warriors
  2 ogres
  A centaur (D:6)
  3 big kobolds (D:7)
  2 bullfrogs
  3 scorpions
  13 wights
  6 killer bees
  A howler monkey (D:8)
  2 crimson imps
  A centaur zombie (D:7)
  A bullfrog zombie (D:5)
  A quasit (D:8)
  3 orc priests
  7 hounds
  2 jellies
  A gnoll shaman (D:3)
  8 orc wizards
  4 bullfrog skeletons
  3 iguanas
  Terence (D:3)
  4 worker ants
  A hound skeleton (D:6)
  A worker ant zombie (D:9)
  9 adders
  3 gnolls (D:4)
  3 shadow imps
  An adder zombie (D:6)
  2 worms (D:2)
  3 dart slugs (D:1)
  4 leopard geckos
  42 orcs
  6 bats
  2 bat zombies (D:6)
  2 giant cockroaches
  6 goblins
  5 hobgoblins
  8 jackals
  16 kobolds
  5 quokkas
  2 ball pythons
  4 frilled lizards
  A jackal skeleton (D:4)
  A quokka zombie (D:5)
  4 rats (D:1)
213 creatures vanquished.

Notes
Turn   | Place    | Note
-------+----------+-------------------------------------------
     0 | D:1      | shenanigans the Barachi Skald began the quest for the Orb.
     0 | D:1      | Reached XP level 1. HP: 17/17 MP: 3/3
    75 | D:1      | Reached XP level 2. HP: 15/23 MP: 5/5
   888 | D:1      | Reached XP level 3. HP: 16/28 MP: 6/6
  1854 | D:2      | Reached XP level 4. HP: 33/35 MP: 7/7
  2193 | D:3      | Noticed Terence
  2220 | D:3      | Killed Terence
  2482 | D:3      | Reached XP level 5. HP: 16/41 MP: 8/8
  3042 | D:3      | Noticed Snicker's ghost (amateur DsAs)
  3705 | D:4      | Reached XP level 6. HP: 30/48 MP: 9/9
  4207 | D:5      | Entered Level 5 of the Dungeon
  4818 | D:5      | Reached XP level 7. HP: 55/55 MP: 10/10
  4887 | D:5      | Reached skill level 5 in Long Blades
  4908 | D:5      | Found a blossoming altar of Fedhas.
  4929 | D:5      | Reached skill level 5 in Fighting
  5312 | D:6      | Found a deep blue altar of Sif Muna.
  5346 | D:6      | Noticed a yak
  5346 | D:6      | Noticed a yak
  5347 | D:6      | Noticed a yak
  5348 | D:6      | Noticed a yak
  5527 | D:6      | Reached skill level 5 in Armour
  5542 | D:6      | Reached skill level 5 in Dodging
  5557 | D:6      | Reached XP level 8. HP: 53/64 MP: 11/11
  5834 | D:6      | Found a faded altar of an unknown god.
  5834 | D:6      | Found a shimmering altar of Xom.
  5841 | D:6      | Found a faded altar of an unknown god.
  5843 | D:6      | Found a glowing golden altar of the Shining One.
  5844 | D:6      | Found a shattered altar of Ashenzari.
  6299 | D:6      | Found a staircase to the Ecumenical Temple.
  6309 | Temple   | Entered the Ecumenical Temple
  6384 | Temple   | Became a worshipper of Warmaster Okawaru
  6414 | D:6      | Noticed Grinder
  6441 | D:6      | Paralysed by Grinder for 4 turns
  6449 | D:6      | Killed Grinder
  6449 | D:6      | Reached skill level 1 in Invocations
  6477 | D:6      | Found an ancient bone altar of Kikubaaqudgha.
  6640 | D:7      | Noticed a wyvern
  6649 | D:7      | Killed a wyvern
  6755 | D:7      | Found Oxyeshry's Food Boutique.
  6789 | D:7      | Reached XP level 9. HP: 71/71 MP: 12/12
  6829 | D:7      | Found a hide-covered altar of Uskayaw.
  6888 | D:7      | Reached * piety under Okawaru
  7963 | D:8      | Noticed a two-headed ogre
  8481 | D:8      | Noticed a two-headed ogre
  8483 | D:8      | Reached skill level 1 in Shields
  8794 | D:8      | Reached ** piety under Okawaru
  9109 | D:8      | Reached XP level 10. HP: 80/80 MP: 13/13
  9129 | D:8      | Killed a two-headed ogre
  9129 | D:8      | Reached skill level 5 in Invocations
  9304 | D:8      | Killed a two-headed ogre
  9383 | D:8      | Found the ring of the Mage {Wiz MR++ Int+3}
  9492 | D:9      | Noticed kiwi3s's ghost (journeyman MiBe)
 10895 | D:9      | Reached *** piety under Okawaru
 11011 | D:9      | Got a wavering silver ring
 11329 | D:9      | Found a sacrificial altar of Ru.
 11464 | D:9      | Identified the ring "Bianwa" {*Slow rF+ Str+2 Int+4 Stlth+} (You took it off an orc on level 9 of the Dungeon)
 11526 | D:10     | Entered Level 10 of the Dungeon
 11609 | D:10     | Reached skill level 5 in Shields
 11611 | D:10     | Noticed a stone giant
 11619 | D:10     | Mangled by a stone giant

Vault maps used:
D:1:      dpeg_arrival_lava_temple_mockup
D:3:      uniq_terence
D:5:      marbit_many_paths, first_ration
D:6:      lemuel_zombie_altar_kikubaaqudgha, lemuel_blue_sif_altar,
          chequers_temple_overflow_minitemple, uniq_grinder
D:7:      eat_drink_and_be_merry_uskayaw, serial_shops, shop
D:8:      grunt_pizzeria
D:9:      nicolae_ru_great_annihilating_truth
D:10:     dpeg_lair_monsters, orc_0_dummy, nicolae_trove_entry_path_of_doom,
          kennysheep_just_a_vault
Temple:   zaba_magenta_temple

Skill      XL: |  1  2  3  4  5  6  7  8  9 10 |
---------------+-------------------------------+-----
Long Blades    | 3 4 5 6 7 8 |  8.4
Armour         | 2 3 4 5 6 7 8 |  8.2
Fighting       | 3 4 5 6 7 8 |  8.4
Dodging        | 3 4 5 6 7 |  7.6
Invocations    | 2 4 5 |  5.8
Shields        | 2 5 |  5.0
Spellcasting   | |  2.1
Charms         | |  3.2

Action                   |  1- 3 |  4- 6 |  7- 9 | 10-12 || total
-------------------------+-------+-------+-------+-------++-------
Melee: Falchion          |   155 |    53 |       |       ||   208
       Dagger            |       |   163 |   531 |   225 ||   919
       Scimitar          |       |       |     8 |    13 ||    21
Throw: Tomahawk          |       |       |     1 |       ||     1
Invok: Heroism           |       |       |     2 |     6 ||     8
 Abil: Hop               |       |       |     3 |     1 ||     4
Evoke: Wand              |       |       |     8 |     5 ||    13
  Use: Scroll            |       |     5 |     2 |     1 ||     8
 Stab: Sleeping          |       |       |       |     1 ||     1
  Eat: Chunk             |     2 |     8 |     6 |     2 ||    18
       Ration            |       |     1 |     3 |     2 ||     6
Armor: Leather armour    |     8 |       |       |       ||     8
       Chain mail        |    79 |    24 |       |       ||   103
       Ring mail         |     4 |    50 |   157 |    97 ||   308
Dodge: Dodged            |    91 |    98 |   240 |    82 ||   511
Block: Large shield      |       |       |    76 |   179 ||   255
       Rpst.: Falchion   |    32 |     8 |       |       ||    40

Table legend:
 A = Spawn XP
 B = Non-spawn XP
 C = Spawn XP percentage of total XP
 D = Spawn monster count
 E = Non-spawn monster count
 F = Spawn count percentage of total count
 G = Total turns spent on level
                    A         B        C        D         E        F      G
               +---------+---------+-------+---------+---------+-------+---------
         Total |       0 |    8053 |   0.0 |       0 |     213 |   0.0 | 11619
               +---------+---------+-------+---------+---------+-------+---------
           D:1 |       0 |      39 |   0.0 |       0 |      19 |   0.0 |  1309
           D:2 |       0 |      64 |   0.0 |       0 |      19 |   0.0 |  1042
           D:3 |       0 |     130 |   0.0 |       0 |      19 |   0.0 |   955
           D:4 |       0 |     201 |   0.0 |       0 |      17 |   0.0 |  1141
           D:5 |       0 |     408 |   0.0 |       0 |      11 |   0.0 |   855
           D:6 |       0 |    1209 |   0.0 |       0 |      29 |   0.0 |  1258
           D:7 |       0 |    1570 |   0.0 |       0 |      39 |   0.0 |  1921
           D:8 |       0 |    3112 |   0.0 |       0 |      34 |   0.0 |  1698
           D:9 |       0 |     915 |   0.0 |       0 |      23 |   0.0 |  1267
          D:10 |       0 |     405 |   0.0 |       0 |       3 |   0.0 |    93
               +---------+---------+-------+---------+---------+-------+---------
